 Dungeon Crawl Stone Soup version 0.30-a0-586-g23e55c9e0a (webtiles) character file.

Game seed: 1777281349254596883

7223 Citaku the Protected (level 11, -13/84 HPs)
             Began as a Human Fighter on Jan 3, 2023.
             Was a High Priest of Okawaru.
             Mangled by a tentacled starspawn (23 damage)
             ... on level 2 of the Abyss.
             The game lasted 00:22:09 (6959 turns).

Citaku the Protected (Human Fighter)                Turns: 6959, Time: 00:22:09

Health: -13/84     AC: 27    Str: 28    XL:     11   Next: 33%
Magic:  11/11      EV:  6    Int: 10    God:    Okawaru [*****.]
Gold:   559        SH: 11    Dex: 15    Spells: 10/10 levels left

rFire   . . .      SeeInvis +    a - +7 whip of Sunasuer {heavy, rPois Will- Str+8}
rCold   . . .      Faith    .    s - +0 kite shield
rNeg    . . .      Spirit   .    m - +12 plate armour of Orthodoxy {Regen+ rCorr Dex+3 Slay+3 SInv}
rPois   +          Reflect  .    n - +0 helmet of Fun and Games {rElec}
rElec   +          Harm     .    (no cloak)
rCorr   +          Rampage  .    (no gloves)
Will    .....                    (no boots) Stlth
                                 (no amulet)
HPRegen 1.14/turn                o - ring of see invisible
MPRegen 0.12/turn                (no ring)

@: no status effects
A: no striking features
a: Renounce Religion, Heroism, Finesse, Duel


You were on level 2 of the Abyss.
You worshipped Okawaru.
Okawaru was extremely pleased with you.
You visited 2 branches of the dungeon, and saw 9 of its levels.
You visited the Abyss 1 time.

You collected 626 gold pieces.
You spent 67 gold pieces at shops.

Inventory:

Hand Weapons
 a - the +7 whip of Sunasuer (weapon) {heavy, rPois Will- Str+8}
   (You took it off an orc warrior on level 7 of the Dungeon)

   It deals dramatically more damage, but attacks with it are much slower.
   Str:       It affects your strength (+8).
   rPois:     It protects you from poison.
   Will:      It decreases your willpower.
Armour
 m - the +12 plate armour of Orthodoxy (worn) {Regen+ rCorr Dex+3 Slay+3 SInv}
   (You found it on level 2 of the Dungeon)

   Dex:       It affects your dexterity (+3).
   Slay:      It affects your accuracy & damage with ranged weapons and melee
   (+3).
   SInv:      It lets you see invisible.
   Regen:     It increases your rate of health regeneration.
   rCorr:     It protects you from acid and corrosion.
 n - the +0 helmet of Fun and Games (worn) {rElec}
   (You took it off Robin on level 3 of the Dungeon)

   rElec:     It insulates you from electricity.
 s - a +0 kite shield (worn)
Jewellery
 o - a ring of see invisible (left hand)
Wands
 d - a wand of quicksilver (8)
 j - a wand of paralysis (4)
 k - a wand of mindburst (16)
 q - a wand of flame (8)
Scrolls
 b - a scroll of fog
 g - 2 scrolls of enchant weapon
 h - 2 scrolls of amnesia
 r - a scroll of identify
Potions
 c - a potion of resistance {unknown}
 f - a potion of flight
 i - 4 potions of lignification
 p - a potion of curing


   Skills:
 + Level 7.2 Fighting
 * Level 9.2 Axes
 * Level 9.5 Armour
 * Level 9.5 Shields


You had 10 spell levels left.
You didn't know any spells.
Your spell library contained the following spells:

 Spells                   Type           Power      Damage    Failure   Level
 Apportation              Tloc           0%         N/A       100%        1
 Necrotise                Necr           0%         1d4       100%        1
 Ensorcelled Hibernation  Hex/Ice        0%         N/A       100%        2
 Passwall                 Tmut/Erth      0%         N/A       100%        2
 Swiftness                Air            0%         N/A       100%        3
 Storm Form               Tmut/Air       0%         N/A       100%        7
 Maxwell's Capacitive Co  Air            0%         ∞         100%        8
 Summon Small Mammal      Summ           Unusable   N/A       N/A         1
 Summon Lightning Spire   Summ/Air       Unusable   N/A       N/A         4

Dungeon Overview and Level Annotations

Branches:
Dungeon (8/15)             Temple (1/1) D:4
   Lair: D:8-11

Altars:
Cheibriados
Dithmenos
Elyvilon
Fedhas
Gozag
Hepliaklqana
Kikubaaqudgha
Makhleb
Nemelex Xobeh
Okawaru
Qazlal
Ru
Sif Muna
Trog
Uskayaw
Wu Jian
Yredelemnul
Zin
The Shining One

Shops:
D:8 [

Annotations:
D:8 Grillzange's ghost, novice DjFE


Message History

The starspawn tentacle closely misses you.
The starspawn tentacle grabs you. The starspawn tentacle constricts you.
The tentacled starspawn bites you but does no damage.
The tentacled starspawn tentacle-slaps you but does no damage.
The starspawn tentacle constricts you.
You hit the tentacled starspawn.
The starspawn tentacle loses its grip on you.
The tentacled starspawn is heavily damaged.
The tentacled starspawn bites you!
The tentacled starspawn tentacle-slaps you but does no damage.
The starspawn tentacle grabs you. The starspawn tentacle constricts you.
The tentacled starspawn bites you but does no damage.
The tentacled starspawn tentacle-slaps you.
You barely miss the tentacled starspawn.
The starspawn tentacle loses its grip on you.
The tentacled starspawn is heavily damaged.
The starspawn tentacle grabs you. The starspawn tentacle constricts you.
The tentacled starspawn bites you but does no damage.
You block the tentacled starspawn's attack.
You feel better. The starspawn tentacle constricts you.
You block the tentacled starspawn's attack.
The tentacled starspawn tentacle-slaps you!
You escape the starspawn tentacle's grasp.
A fire bat comes into view.
The starspawn tentacle grabs you. The starspawn tentacle constricts you.
The tentacled starspawn bites you!
* * * LOW HITPOINT WARNING * * *
You block the tentacled starspawn's attack.
The fire bat moves out of view.
You escape the starspawn tentacle's grasp.
A fire bat comes into view.
You barely miss the tentacled starspawn.
The tentacled starspawn is heavily damaged.
You hit the tentacled starspawn.
The tentacled starspawn is heavily damaged.
The tentacled starspawn bites you.
* * * LOW HITPOINT WARNING * * *
You block the tentacled starspawn's attack.
The tentacled starspawn bites you!!
You die...

# #. .# ## # .##
#### .
#.#.##.#.#.#
#.@#.#.#..# #
###Xb#....#
.#.ww.#.## # . #.
..b.#.##.
.......#......#
..........>##.#
####........... #
#.....#.##....##
###..........##.#


You could see a tentacled starspawn, 2 fire bats and 2 starspawn tentacles.

Vanquished Creatures
  Erica (D:8)
  A manticore (D:7)
  2 gargoyles (D:7)
  A kobold demonologist (D:8)
  An unseen horror (D:7)
  A komodo dragon (D:7)
  A slime creature (D:7)
  Eustachio (D:4)
  A basilisk (D:7)
  3 steam dragons
  4 sky beasts
  2 orc warriors (D:7)
  3 black bears
  An ogre (D:4)
  3 centaurs
  A phantom (D:4)
  11 kobold brigands
  2 bullfrogs
  4 necrophages
  7 scorpions
  9 wights (D:8)
  A howler monkey (D:7)
  6 hounds
  2 jellies
  5 orc priests
  5 orc wizards
  Robin (D:3)
  10 adders
  A white imp (D:7)
  2 worms
  A dart slug (D:1)
  26 orcs
  3 ball pythons
  5 bats
  9 endoplasms
  2 giant cockroaches
  15 goblins
  10 hobgoblins
  3 jackals (D:1)
  12 kobolds
  3 quokkas
  A frilled lizard (D:3)
  2 rats (D:1)
  A starspawn tentacle (Abyss:2)
186 creatures vanquished.

Vanquished Creatures (others)
  A sky beast (D:7)
  A kobold (D:8)
  2 starspawn tentacles (Abyss:2)
4 creatures vanquished.

Grand Total: 190 creatures vanquished

Notes
Turn   | Place    | Note
-------+----------+-------------------------------------------
     0 | D:1      | Citaku the Human Fighter began the quest for the Orb.
     0 | D:1      | Reached XP level 1. HP: 18/18 MP: 1/1
    52 | D:1      | Reached XP level 2. HP: 17/24 MP: 2/2
   257 | D:1      | Reached XP level 3. HP: 28/29 MP: 3/3
   954 | D:2      | Found a faded altar of an unknown god.
  1210 | D:2      | Reached XP level 4. HP: 31/35 MP: 4/4
  1298 | D:2      | Identified the +12 plate armour of Orthodoxy {Regen+ rCorr
                  | Dex+3 Slay+3 SInv}
  1495 | D:3      | Identified the +0 helmet of Fun and Games {rElec}
  1495 | D:3      | Noticed Robin
  1504 | D:3      | Killed Robin
  1602 | D:3      | Reached XP level 5. HP: 41/41 MP: 5/5
  1871 | D:3      | Reached XP level 6. HP: 28/48 MP: 6/6
  2109 | D:4      | Noticed an ogre
  2114 | D:4      | Killed an ogre
  2218 | D:4      | Noticed Eustachio
  2268 | D:4      | Killed Eustachio
  2269 | D:4      | Reached XP level 7. HP: 52/54 MP: 7/7
  2311 | D:4      | Found a staircase to the Ecumenical Temple.
  2323 | Temple   | Entered the Ecumenical Temple
  2493 | Temple   | Became a worshipper of Warmaster Okawaru
  2596 | D:4      | Reached skill level 5 in Armour
  2596 | D:4      | Reached skill level 5 in Shields
  2896 | D:4      | Reached XP level 8. HP: 61/61 MP: 8/8
  3216 | D:5      | Entered Level 5 of the Dungeon
  3223 | D:5      | Reached * piety under Okawaru
  3243 | D:5      | Reached skill level 5 in Axes
  3314 | D:5      | Reached ** piety under Okawaru
  3500 | D:5      | Reached skill level 5 in Fighting
  3827 | D:6      | Reached XP level 9. HP: 68/68 MP: 9/9
  4651 | D:7      | Reached *** piety under Okawaru
  4932 | D:7      | Noticed a komodo dragon
  4932 | D:7      | Noticed a manticore
  4932 | D:7      | Noticed an unseen horror
  4932 | D:7      | Noticed a gargoyle
  4944 | D:7      | Killed a manticore
  4945 | D:7      | Reached XP level 10. HP: 57/76 MP: 10/10
  4953 | D:7      | Killed an unseen horror
  4953 | D:7      | Reached **** piety under Okawaru
  4961 | D:7      | Killed a komodo dragon
  4964 | D:7      | Identified the +7 whip of Sunasuer {heavy, rPois Will-
                  | Str+8}
  4973 | D:7      | Noticed a gargoyle
  4993 | D:7      | Killed a gargoyle
  4997 | D:7      | Killed a gargoyle
  5386 | D:7      | Found a hide-covered altar of Uskayaw.
  5723 | D:8      | Reached ***** piety under Okawaru
  5755 | D:8      | Found a runed translucent gate.
  5756 | D:8      | Found a runed translucent gate.
  5758 | D:8      | Noticed a kobold demonologist
  5760 | D:8      | Noticed Grillzange's ghost (novice DjFE)
  5763 | D:8      | Found a runed translucent gate.
  5870 | D:8      | Reached XP level 11. HP: 58/80 MP: 11/11
  6070 | D:8      | Found Zuun's Armour Boutique.
  6080 | D:8      | Bought a +0 kite shield for 67 gold pieces
  6411 | D:8      | Noticed Erica
  6444 | D:8      | Killed Erica
  6618 | D:8      | Noticed a soul eater
  6624 | D:8      | Paralysed by a kobold brigand for 3 turns
  6744 | D:8      | Paralysed by a kobold brigand for 3 turns
  6870 | Abyss:2  | Cast into level 2 of the Abyss (kobold brigand)
  6914 | Abyss:2  | Noticed a tentacled starspawn
  6923 | Abyss:2  | Noticed a large abomination
  6959 | Abyss:2  | Mangled by a tentacled starspawn

Illustrated notes

Levels and vault maps discovered:
D:1:      dpeg_arrival_solitude, layout_loops_ring
D:2:      cheibrodos_old_hovel, layout_loops_ring, ebering_ecumenical_altar_hall
D:3:      layout_rooms, kennysheep_orc_chapel, uniq_robin
D:4:      layout_loops_cross, minmay_temple_entry_crystal_x,
          kennysheep_generic_room_10, uniq_eustachio
D:5:      layout_rooms
D:6:      layout_loops_corners
D:7:      minmay_the_grid_octo_2x2 [minmay_the_grid_octo_chip,
          minmay_the_grid_octo_vomiting_pacman, minmay_the_grid_octo_focus,
          minmay_the_grid_octo_prize_big_c], layout_cave_pods,
          nicolae_uskayaw_dance_studio
D:8:      layout_basic, gammafunk_ghost_nasty_kobolds, serial_shops,
          nicolae_shop_waterfront, uniq_erica
Temple:   compressed_dpeg_circular_temple
Abyss:2:  base:
D:1

Skill      XL: |  1  2  3  4  5  6  7  8  9 10 11 |
---------------+----------------------------------+-----
Axes           | 3 4 5 7 8 9 |  9.2
Armour         | 4 5 6 7 8 9 |  9.5
Shields        | 4 5 6 7 8 9 |  9.5
Fighting       | 4 5 6 7 |  7.2

Action                   |  1- 3 |  4- 6 |  7- 9 | 10-12 || total
-------------------------+-------+-------+-------+-------++-------
Melee: War axe           |    88 |   103 |    93 |       ||   284
       Broad axe         |       |       |   131 |    42 ||   173
       Whip              |       |       |       |   186 ||   186
  Use: Scroll            |       |     5 |     2 |     9 ||    16
       Potion            |       |     3 |     5 |     6 ||    14
Armor: Scale mail        |    60 |     1 |       |       ||    61
       Plate armour      |       |   108 |   245 |   233 ||   586
Dodge: Dodged            |    45 |    32 |    99 |    98 ||   274
Block: Buckler           |    21 |    52 |    91 |    53 ||   217
       Kite shield       |       |       |       |    87 ||    87

Table legend: (Time is in decaauts)
 A = Elapsed time spent in this place.
 B = Non-inter-level travel time spent in this place.
 C = Inter-level travel time spent in this place.
 D = Time resting spent in this place.
 E = Time spent auto-exploring this place.
 F = Levels seen in this place.
 G = Mean time per level.
                   A        B        C        D        E       F      G
               +--------+--------+--------+--------+--------+-----+--------+
         Total |   7189 |   7189 |      0 |    399 |   4200 |  10 |  718.9 |
       Dungeon |   6903 |   6903 |      0 |    379 |   4144 |   8 |  862.9 |
        Temple |    188 |    188 |      0 |      0 |     56 |   1 |  188.0 |
         Abyss |     96 |     96 |      0 |     20 |      0 |   1 |   96.0 |
               +--------+--------+--------+--------+--------+-----+--------+

Top non-repeatable levels by time:
     D:8: 1267 daAuts
     D:7: 1146 daAuts
     D:4: 959 daAuts
     D:6: 845 daAuts
     D:1: 811 daAuts
     D:2: 723 daAuts
     D:3: 626 daAuts
     D:5: 523 daAuts
  Temple: 188 daAuts
 Abyss:2: 96 daAuts
